 Dungeon Crawl Stone Soup version 0.26-a0-540-g8a0c9464d7 (webtiles) character file.

Game seed: 7979779963487115126

2744 kae the Geomancer (level 9, -2/45 HPs)
             Began as a Gargoyle Earth Elementalist on Aug 20, 2020.
             Was an Initiate of the Shining One.
             Hit by a boomerang thrown by an orc warrior (9 damage)
             ... on level 8 of the Dungeon.
             The game lasted 00:06:35 (8406 turns).

kae the Geomancer (Gargoyle Earth Elementalist)     Turns: 8406, Time: 00:06:35

Health: -2/45      AC: 10    Str: 12    XL:     9   Next: 68%
Magic:  3/19       EV: 12    Int: 19    God:    the Shining One [......]
Gold:   409        SH:  0    Dex: 10    Spells: 12/22 levels left

rFire    . . .     SeeInvis +   a - +0 short sword
rCold    . . .     Faith    .   (no shield)
rNeg     + . .     Spirit   .   c - +1 robe
rPois    ∞         Reflect  .   q - +0 helmet
rElec    +         Harm     .   (no cloak)
rCorr    +                      (no gloves)
MR       .....                  (no boots)
Stlth    +.........             (no amulet)
HPRegen  0.15/turn              o - ring of see invisible
MPRegen  0.16/turn              t - ring of resist corrosion

@: brilliant, glowing
A: negative energy resistance 1, electricity resistance, unbreathing,
petrification resistance, rot immunity, AC +6
a: Renounce Religion


You were on level 8 of the Dungeon.
You worshipped the Shining One.
The Shining One was noncommittal.
You visited 2 branches of the dungeon, and saw 9 of its levels.

You collected 409 gold pieces.

Inventory:

Hand Weapons
 a - a +0 short sword (weapon)
Missiles
 b - 58 stones (quivered)
Armour
 c - a +1 robe (worn)
 q - a +0 helmet (worn)
Jewellery
 o - a ring of see invisible (left hand)
 t - a ring of resist corrosion (right hand)
Wands
 n - a wand of paralysis (8)
 z - a wand of iceblast (7)
Scrolls
 f - a scroll of amnesia
 j - 3 scrolls of teleportation
 u - a scroll of enchant armour
Potions
 d - 5 potions of curing
 e - 3 potions of stabbing
 g - a potion of haste
 h - 2 potions of heal wounds
 l - 2 potions of mutation
 m - 4 potions of degeneration
 p - 3 potions of flight
 r - 2 potions of lignification
 w - a potion of magic
 x - a potion of resistance {unknown}


   Skills:
 - Level 1.5 Dodging
 - Level 2.1 Stealth
 + Level 7.1 Spellcasting
 - Level 0.7 Transmutations
 * Level 12.7 Earth Magic


You had 12 spell levels left.
You knew the following spells:

 Your Spells              Type           Power        Failure   Level
a - Sandblast             Erth           ######       1%          1
b - Passwall              Tmut/Erth      #####...     1%          2
c - Stone Arrow           Conj/Erth      #####.       2%          3
d - Petrify               Tmut/Erth      #####...     6%          4

Your spell library contained the following spells:

 Spells                   Type           Power        Failure   Level
 Lee's Rapid Deconstruct  Erth           ######....   1%          5
 Magic Dart               Conj           ##..         10%         1
 Blink                    Tloc           N/A          16%         2
 Call Imp                 Summ           ##......     16%         2
 Slow                     Hex            ##......     16%         2
 Confusing Touch          Hex            ##......     30%         3
 Conjure Flame            Conj/Fire      ##......     30%         3
 Gell's Gravitas          Tloc           ##........   30%         3
 Mephitic Cloud           Conj/Pois/Air  ##......     30%         3
 Yara's Violent Unravell  Hex/Tmut       ##........   94%         5
 Metabolic Englaciation   Hex/Ice        ##........   95%         5


Dungeon Overview and Level Annotations

Branches:
Dungeon (8/15)             Temple (1/1) D:7
   Lair: D:8-11

Altars:
Dithmenos
Elyvilon
Hepliaklqana
Makhleb
Okawaru
Trog
Zin
The Shining One

Shops:
D:6 (

Annotations:
D:4 Blork the orc
D:8 Joseph


Innate Abilities, Weirdness & Mutations

You are resistant to torment.
Your stone body is resilient. (AC +6)
You are immune to poison.
You resist negative energy. (rN+)
You are resistant to electric shocks. (rElec)
You can survive without breathing.
You are immune to petrification.
You are immune to rotting.


Message History

Aim: an orc, wielding a +0 flail and wearing a +0 chain mail You feel a surge of power!
The blast of sand hits the orc.
The orc is lightly wounded.
b - 59 stones The orc priest shouts!
The orc warrior throws a boomerang.
The boomerang hits you!
The weapon returns to the orc warrior!
The orc priest invokes the aid of Beogh against you.
Beogh smites you!
* * * LOW HITPOINT WARNING * * *
Casting: Sandblast (safe; 1% risk of failure)
Confirm with . or Enter, or press ? or * to list all spells.
Aiming: Sandblast (safe; 1% risk of failure)
Press: ? - help, Shift-Dir - straight line, f/p - orc
Aim: an orc, wielding a +0 flail and wearing a +0 chain mail (lightly wounded)
You feel a surge of power!
The blast of sand hits the orc!
You kill the orc!
b - 58 stones The orc warrior throws a boomerang.
The boomerang hits you!
You die...

#.. #..# ##.## #......
#..##..###..# #.......
#..#..##..## #.......
.. #..#.......#
#....###
...#.....####..##....##
# ........##
#.......####
........### #..#.......
..........######.##
#....
....oo).@..)......## #
#...o...####...##.#. #
#o..##..# ##..# #.. #
#Z.# ##.. ..###..## ##
... ##. ..##....###. ..
. ..# #<.#.. ... ##..##
.... #..# .... .....#


You could see an orc warrior, an orc priest, 2 orcs and a centaur zombie.

Vanquished Creatures
  Erica (D:8)
  An ice beast (D:5)
  A black bear (D:7)
  A phantom (D:5)
  4 ogres
  A necrophage (D:8)
  3 centaurs
  A big kobold (D:5)
  2 bullfrogs
  2 scorpions
  A howler monkey (D:5)
  2 gnoll shamans
  3 hounds
  A jelly (D:6)
  An orc wizard (D:5)
  3 orc priests (D:5)
  4 iguanas
  Natasha (thrice) (D:2)
  5 worker ants
  Terence (D:2)
  8 gnolls
  4 adders
  A white imp (D:5)
  2 ufetubi (D:5)
  2 oozes
  2 dart slugs
  5 leopard geckos
  8 orcs
  8 bats
  4 giant cockroaches
  7 goblins
  4 hobgoblins
  9 jackals
  12 kobolds
  7 quokkas
  2 ball pythons
  A ball python skeleton (D:5)
  4 frilled lizards
  A jackal skeleton (D:7)
  A quokka skeleton (D:7)
  4 rats
137 creatures vanquished.

Vanquished Creatures (others)
  A wizard (D:3)
1 creature vanquished.

Grand Total: 138 creatures vanquished

Notes
Turn   | Place    | Note
-------+----------+-------------------------------------------
     0 | D:1      | kae the Gargoyle Earth Elementalist began the quest for the
                  | Orb.
     0 | D:1      | Reached XP level 1. HP: 10/10 MP: 3/3
   291 | D:1      | Reached skill level 4 in Earth Magic
   291 | D:1      | Reached XP level 2. HP: 15/15 MP: 1/5
   770 | D:2      | Found a white marble altar of Elyvilon.
   955 | D:2      | Reached XP level 3. HP: 16/19 MP: 1/6
   982 | D:2      | Reached skill level 5 in Earth Magic
   982 | D:2      | Reached XP level 4. HP: 5/24 MP: 0/8
  1252 | D:2      | Noticed Natasha
  1254 | D:2      | Killed Natasha
  1340 | D:2      | Noticed Natasha
  1347 | D:2      | Killed Natasha
  1347 | D:2      | Reached XP level 5. HP: 25/28 MP: 5/9
  1522 | D:2      | Noticed Natasha
  1529 | D:2      | Killed Natasha
  1529 | D:2      | Reached skill level 6 in Earth Magic
  1975 | D:2      | Noticed Terence
  1988 | D:2      | Killed Terence
  2468 | D:2      | Found a faded altar of an unknown god.
  3105 | D:3      | Found a bloodstained altar of Trog.
  3107 | D:3      | Noticed a wizard
  3112 | D:3      | Killed a wizard
  3388 | D:3      | Learned a level 2 spell: Passwall
  3392 | D:3      | Learned a level 3 spell: Stone Arrow
  3397 | D:3      | Learned a level 4 spell: Petrify
  3564 | D:4      | Reached XP level 6. HP: 32/32 MP: 11/11
  3828 | D:4      | Reached skill level 7 in Earth Magic
  3897 | D:4      | Noticed Blork the orc
  4008 | D:5      | Entered Level 5 of the Dungeon
  4234 | D:5      | Reached skill level 8 in Earth Magic
  4234 | D:5      | Reached XP level 7. HP: 36/36 MP: 4/13
  4966 | D:5      | Reached skill level 9 in Earth Magic
  5098 | D:5      | Reached XP level 8. HP: 41/41 MP: 5/15
  5171 | D:5      | Reached skill level 5 in Spellcasting
  5585 | D:5      | Reached skill level 10 in Earth Magic
  6604 | D:6      | Found a hazy altar of Hepliaklqana.
  6613 | D:6      | Found Ratut's Weapon Emporium.
  6766 | D:6      | Reached skill level 11 in Earth Magic
  6927 | D:6      | Found a glowing golden altar of the Shining One.
  7042 | D:6      | Became a worshipper of the Shining One
  7167 | D:7      | Found an iron altar of Okawaru.
  7181 | D:7      | Reached XP level 9. HP: 45/45 MP: 8/18
  7281 | D:7      | Found a glowing silver altar of Zin.
  7282 | D:7      | Noticed an angel
  7877 | D:7      | Found a staircase to the Ecumenical Temple.
  8063 | D:8      | Noticed Joseph
  8190 | Temple   | Entered the Ecumenical Temple
  8239 | D:8      | Noticed Erica
  8394 | D:8      | Killed Erica
  8394 | D:8      | Reached skill level 12 in Earth Magic
  8406 | D:8      | Hit by a boomerang thrown by an orc warrior

Illustrated notes

Levels and vault maps discovered:
D:1:      dpeg_arrival_arbitrary_a, layout_basic, st_stairs_13
D:2:      layout_basic, chequers_ecumenical_altar_grove,
          kennysheep_cluttered_room, elyvilon_altar_4, uniq_natasha,
          uniq_terence
D:3:      layout_basic, trog_wizard
D:4:      layout_rooms, uniq_blork_the_orc
D:5:      layout_basic
D:6:      layout_cave_pools, nicolae_tso_swordbearing_angel, serial_shops, shop,
          basic_altar
D:7:      layout_basic, zin_angel, minmay_temple_entry_drinking_statues,
          okawaru_metal_pillars_1_2
D:8:      layout_layer_cave, kennysheep_generic_room_9, uniq_erica, uniq_joseph,
          uniq_grum
Temple:   regret_index_temple_chain_breaker

Skill      XL: |  1  2  3  4  5  6  7  8  9 |
---------------+----------------------------+-----
Earth Magic    | 4 5 6 8 9 11 12 | 12.7
Spellcasting   | 3 4 6 7 |  7.1
Dodging        | |  1.5
Stealth        | |  2.1
Transmutations | |  0.7

Action                   |  1- 3 |  4- 6 |  7- 9 || total
-------------------------+-------+-------+-------++-------
Melee: Unarmed           |     8 |       |       ||     8
       Short sword       |    19 |    94 |   141 ||   254
 Cast: Sandblast         |    22 |    77 |    17 ||   116
       Stone Arrow       |       |     1 |    88 ||    89
  Use: Scroll            |     3 |     7 |     9 ||    19
       Potion            |       |       |     1 ||     1
 Stab: Sleeping          |     2 |     4 |       ||     6
       Distracted        |     1 |       |       ||     1
Armor: Robe              |    11 |    38 |    83 ||   132
Dodge: Dodged            |    38 |    92 |   179 ||   309

Table legend: (Time is in decaauts)
 A = Elapsed time spent in this place.
 B = Non-inter-level travel time spent in this place.
 C = Inter-level travel time spent in this place.
 D = Time resting spent in this place.
 E = Time spent auto-exploring this place.
 F = Levels seen in this place.
 G = Mean time per level.
                   A        B        C        D        E       F      G
               +--------+--------+--------+--------+--------+-----+--------+
         Total |   8446 |   8020 |    426 |   2038 |   4891 |   9 |  938.4 |
       Dungeon |   8445 |   8019 |    426 |   2038 |   4891 |   8 | 1055.6 |
        Temple |      1 |      1 |      0 |      0 |      0 |   1 |    1.0 |
               +--------+--------+--------+--------+--------+-----+--------+

Top non-repeatable levels by time:
     D:5: 2159 daAuts
     D:2: 1833 daAuts
     D:7: 1057 daAuts
     D:1: 907 daAuts
     D:3: 837 daAuts
     D:6: 745 daAuts
     D:4: 626 daAuts
     D:8: 278 daAuts
  Temple: 1 daAuts
